 Dungeon Crawl Stone Soup version 0.27-a0-931-g5a74e75d8f (webtiles) character file.

Game seed: 4800645377776978445

9 Alarkh the Insei (level 2, 22/22 HPs)
             Began as a Demonspawn Gladiator on Apr 10, 2021.
             Got out of the dungeon alive.
             The game lasted 00:00:29 (197 turns).

Alarkh the Insei (Demonspawn Gladiator)              Turns: 197, Time: 00:00:30

Health: 22/22      AC:  4    Str: 14    XL:     2   Next: 3%
Magic:  2/2        EV: 12    Int:  9    God:
Gold:   9          SH:  0    Dex: 14    Spells: 1/1 levels left

rFire    . . .     SeeInvis .     - Unarmed
rCold    . . .     Faith    .   (no shield)
rNeg     . . .     Spirit   .   a - +0 leather armour
rPois    .         Reflect  .   b - +0 helmet
rElec    .         Harm     .   (no cloak)
rCorr    .         Rampage  .   (no gloves)
Will     .....                  (no boots)
Stlth    +.........             (no amulet)
HPRegen  0.07/turn              (no ring)
MPRegen  0.08/turn              (no ring)

@: no status effects
A: powered by pain 1
a: no special abilities


You escaped.
You visited 1 branch of the dungeon, and saw 1 of its levels.

You collected 9 gold pieces.

Inventory:

Missiles
 c - 3 throwing nets (quivered)
Armour
 a - a +0 leather armour (worn)
 b - a +0 helmet (worn)
Scrolls
 d - 3 scrolls of immolation {unknown}


   Skills:
 + Level 2.2 Fighting
 - Level 1.7 Throwing
 - Level 2.6 Dodging
 * Level 3.1 Unarmed Combat


You had one spell level left.
You didn't know any spells.
Your spell library was empty.

Dungeon Overview and Level Annotations

Branches:
Dungeon (1/15)

Altars:


Innate Abilities, Weirdness & Mutations

You sometimes gain a little power by taking damage.


Message History

The bat closely misses you.
The endoplasm jiggles.
The bat hits you. The endoplasm closely misses you.
Found a dagger.
You hit the endoplasm.
The endoplasm is heavily wounded.
The endoplasm hits you but does no damage.
The bat misses you.
You hit the endoplasm.
The endoplasm is almost dead.
The bat closely misses you. x2
The endoplasm freezes you.
You are frozen.
You hit the endoplasm.
You kill the endoplasm!
The bat hits you but does no damage.
You have reached level 2!
Your demonic ancestry asserts itself...
You feel energised by your suffering.
You hit the bat.
You kill the bat!
No target in view!
No target in view!
No target in view!
No target in view!
No target in view!
No target in view!
No target in view!
Things that are here:
a +0 dagger; a kobold corpse You see here a rat corpse.
You see here 8 bolts.
You see here a +0 hand axe.
You see here a +0 hand axe.
HP restored.
There is an open gate here.
There is an open door here.
There is a staircase leading out of the dungeon here.
Are you sure you want to leave the Dungeon?
This will make you lose the game!
You have escaped!

##############
#...8...#....#
+.8...8.#..@.#
#...⌠...#....#
#.....8.'....# #
#.......#..### ♣♣
#..8.8..#### .♣♣♣
#.......# ♣♣♣
...♣♣###...###♣♣.♣
....♣.♣#'''#♣....♣#
##♣...............#


There were no monsters in sight!

Vanquished Creatures
  A dart slug (D:1)
  An endoplasm (D:1)
  2 hobgoblins (D:1)
  A bat (D:1)
  A kobold (D:1)
  A rat (D:1)
7 creatures vanquished.

Notes
Turn   | Place    | Note
-------+----------+-------------------------------------------
     0 | D:1      | Alarkh the Demonspawn Gladiator began the quest for the
                  | Orb.
     0 | D:1      | Reached XP level 1. HP: 16/16 MP: 1/1
   123 | D:1      | Reached skill level 3 in Unarmed Combat
   129 | D:1      | Gained mutation: You sometimes gain a little power by
                  | taking damage. [demonic ancestry]
   129 | D:1      | Reached XP level 2. HP: 18/22 MP: 2/2
   197 | D:$      | Got out of the dungeon alive.

Illustrated notes

Levels and vault maps discovered:
D:1:      sevenhm_arrival_forest_fort_large_2, layout_rooms

Skill      XL: |  1 |
---------------+----+-----
Unarmed Combat | 3 |  3.1
Fighting       | |  2.2
Throwing       | |  1.7
Dodging        | |  2.6

Action                   || total
-------------------------++-------
Melee: Unarmed           ||    28
Armor: Leather armour    ||    10
Dodge: Dodged            ||    17

Table legend: (Time is in decaauts)
 A = Elapsed time spent in this place.
 B = Non-inter-level travel time spent in this place.
 C = Inter-level travel time spent in this place.
 D = Time resting spent in this place.
 E = Time spent auto-exploring this place.
 F = Levels seen in this place.
 G = Mean time per level.
                   A        B        C        D        E       F      G
               +--------+--------+--------+--------+--------+-----+--------+
         Total |    195 |    130 |     65 |      0 |     82 |   1 |  195.0 |
       Dungeon |    195 |    130 |     65 |      0 |     82 |   1 |  195.0 |
               +--------+--------+--------+--------+--------+-----+--------+

Top non-repeatable levels by time:
     D:1: 195 daAuts
